 Dungeon Crawl Stone Soup version 0.21.0-3-g78d12a8 (webtiles) character file.

870 Gruud the Reanimator (level 7, -6/46 HPs)
             Began as a Demonspawn Necromancer on Jan 15, 2018.
             Was a Follower of Makhleb.
             Mangled by an ogre
             ... wielding a +0 giant club
              (23 damage)
             ... on level 7 of the Dungeon.
             The game lasted 00:21:18 (5238 turns).

Gruud the Reanimator (Demonspawn Necromancer)       Turns: 5238, Time: 00:21:19

Health: -6/46      AC: 17    Str: 10    XL:     7   Next: 73%
Magic:  13/13      EV:  4    Int: 22    God:    Makhleb [*.....]
Gold:   375        SH:  0    Dex: 13    Spells: 3/15 levels left

rFire    . . .     SeeInvis .   a - +1 long sword (elec)
rCold    . . .     Gourm    .   (no shield)
rNeg     . . .     Faith    .   G - +4 chain mail
rPois    .         Spirit   .   B - +0 helmet
rElec    .         Reflect  .   (no cloak)
rCorr    .         Harm     .   r - +0 pair of gloves
MR       .....                  I - +0 pair of boots {Fly}
Stlth    ..........             J - amulet of regeneration
HPRegen  0.55/turn              e - +5 ring of intelligence
MPRegen  0.13/turn              (no ring)

@: flying
A: molten scales 1, demonic guardian 1, rot immunity
a: Renounce Religion, Stop Flying


You were on level 7 of the Dungeon.
You worshipped Makhleb.
Makhleb was aware of your devotion.
You were very hungry.

You visited 2 branches of the dungeon, and saw 8 of its levels.

You collected 375 gold pieces.

Inventory:

Hand Weapons
 a - a +1 long sword of electrocution (weapon)
 j - a +0 dagger
 x - a +0 hunting sling
 y - a +0 blowgun
 F - a +0 hand axe
Missiles
 p - 91 sling bullets
 s - 43 poisoned needles
 t - 7 tomahawks of returning (quivered)
 A - 12 tomahawks
Armour
 d - a +0 ring mail
 r - a +0 pair of gloves (worn)
 w - a +0 chain mail
 B - a +0 helmet (worn)
 G - a +4 chain mail (worn)
 I - a +0 pair of boots of flying (worn)
 L - a +0 robe
Jewellery
 e - a +5 ring of intelligence (left hand)
 J - an amulet of regeneration (around neck)
Scrolls
 g - 3 scrolls of teleportation
 h - a scroll of noise
 l - a scroll of amnesia {unknown}
 m - a scroll of fog {unknown}
 v - 2 scrolls of remove curse
 C - a scroll of magic mapping
Potions
 f - 2 potions of brilliance
 i - a potion of haste {unknown}
 k - 4 potions of heal wounds
 n - a potion of flight
 q - a potion of lignification
 z - a potion of mutation
 H - a potion of agility
 K - 2 potions of curing
Books
 b - a book of Necromancy

   Spells                             Type                      Level
   a - Pain                           Necromancy                   1
   b - Animate Skeleton               Necromancy                   1
   c - Vampiric Draining              Necromancy                   3
   d - Regeneration                   Charms/Necromancy            3
   e - Animate Dead                   Necromancy                   4
   f - Borgnjor's Vile Clutch         Necromancy/Earth             5
Comestibles
 c - 6 rations


   Skills:
 * Level 1.8 Long Blades
 * Level 1.7 Armour
 - Level 1.7 Dodging
 - Level 1.7 Stealth
 + Level 4.5 Spellcasting
 - Level 8.0 Necromancy
 + Level 3.6 Invocations


You had 3 spell levels left.
You knew the following spells:

 Your Spells              Type           Power        Failure   Level  Hunger
a - Pain                  Necr           ####         28%         1    None
b - Animate Skeleton      Necr           N/A          28%         1    None
c - Vampiric Draining     Necr           #####.....   65%         3    ##.....
d - Regeneration          Chrm/Necr      ###.......   99%         3    ##.....
e - Animate Dead          Necr           N/A          96%         4    ####...


Dungeon Overview and Level Annotations

Branches:
Dungeon (7/15)             Temple (1/1) D:4

Altars:
Ashenzari
Cheibriados
Dithmenos
Elyvilon
Fedhas
Gozag
Hepliaklqana
Kikubaaqudgha
Makhleb
Okawaru
Qazlal
Ru
Sif Muna
Trog
Vehumet
Xom
Yredelemnul
Zin
The Shining One

Annotations:
D:7 Dowan


Innate Abilities, Weirdness & Mutations

You are partially covered in molten scales. (AC +2)
A weak demonic guardian rushes to your aid.
You are immune to rotting.


Message History

Found a quarterstaff and a helmet.
There is a stone staircase leading up here.
A crimson imp comes into view.
You slash the ogre!
The ogre is moderately wounded.
The ogre hits you with a giant club!
Unknown command.
You hit the ogre but do no damage. Lightning courses through the ogre!
The ogre is severely wounded.
The worker ant bites your quasit but does no damage.
The ogre hits you with a giant club!
Your quasit bites the ogre.
Your quasit claws the ogre.
Your quasit barely misses the ogre.
Unknown command.
You hit the ogre.
The ogre is severely wounded.
The worker ant barely misses your quasit.
Your quasit bites the ogre.
Your quasit claws the ogre.
Your quasit completely misses the ogre.
The ogre hits you with a giant club!!
Ouch! That really hurt!
You die...

'.......#
#.......#
'e......#
#.......### .
........#... ..
........#....##
###.).
.##5#.#.#.
....###...#
...<..#
#....#.....#
#######
......^@..#
.......5OZ#
........a....
###.....5......
########.....
...[. ...# ...#


You could see an ogre, a worker ant, a crimson imp, a leopard gecko zombie and a
friendly quasit.

Vanquished Creatures
  An ogre (D:4)
  A centaur (D:5)
  2 scorpions
  A crimson imp (D:6)
  3 orc wizards
  An iguana (D:6)
  5 worker ants
  A gnoll (D:1)
  6 adders
  3 worms
  2 dart slugs
  3 leopard geckos
  10 orcs
  6 bats
  5 giant cockroaches
  5 goblins
  3 hobgoblins
  9 jackals
  6 kobolds
  A quokka (D:5)
  A ball python (D:3)
  3 frilled lizards
  A leopard gecko skeleton (D:4)
  9 rats
88 creatures vanquished.

Vanquished Creatures (collateral kills)
  An ogre (D:5)
  A water moccasin skeleton (D:5)
  3 crimson imps
  A hound (D:4)
  A worker ant (D:6)
  2 adders
  4 hobgoblins
  3 jackals
  A rat (D:2)
17 creatures vanquished.

Grand Total: 105 creatures vanquished

Notes
Turn   | Place    | Note
-------+----------+-------------------------------------------
     0 | D:1      | Gruud the Demonspawn Necromancer began the quest for the Orb.
     0 | D:1      | Reached XP level 1. HP: 13/13 MP: 3/3
     2 | D:1      | Learned a level 1 spell: Animate Skeleton
   503 | D:1      | Gained mutation: A weak demonic guardian rushes to your aid. [demonic ancestry]
   503 | D:1      | Reached XP level 2. HP: 19/19 MP: 3/5
   629 | D:1      | Reached skill level 5 in Necromancy
   841 | D:1      | Gained mutation: You are partially covered in molten scales. (AC +2) [demonic ancestry]
   841 | D:1      | Reached XP level 3. HP: 20/24 MP: 6/6
  1067 | D:2      | Learned a level 3 spell: Vampiric Draining
  1625 | D:2      | Reached XP level 4. HP: 18/30 MP: 1/8
  1631 | D:2      | Learned a level 3 spell: Regeneration
  2064 | D:3      | Found a radiant altar of Vehumet.
  2146 | D:3      | Reached skill level 6 in Necromancy
  2261 | D:3      | Found a stormy altar of Qazlal.
  2696 | D:3      | Gained mutation: You are immune to rotting. [demonic ancestry]
  2696 | D:3      | Reached XP level 5. HP: 19/35 MP: 4/9
  3311 | D:4      | Noticed an ogre
  3353 | D:4      | Killed an ogre
  3406 | D:4      | Reached skill level 7 in Necromancy
  3475 | D:4      | Found a staircase to the Ecumenical Temple.
  3481 | Temple   | Entered the Ecumenical Temple
  3517 | Temple   | Became a worshipper of Makhleb the Destroyer
  3582 | D:4      | Reached XP level 6. HP: 19/41 MP: 4/11
  3617 | D:4      | Learned a level 4 spell: Animate Dead
  3638 | D:4      | Reached skill level 1 in Invocations
  3668 | D:4      | Found a blossoming altar of Fedhas.
  3849 | D:4      | Found a white marble altar of Elyvilon.
  4081 | D:5      | Entered Level 5 of the Dungeon
  4167 | D:5      | Reached XP level 7. HP: 28/46 MP: 9/13
  4207 | D:5      | Found a shattered altar of Ashenzari.
  4295 | D:5      | Found a transporter.
  4298 | D:5      | Found a transporter.
  4305 | D:5      | Found a snail-covered altar of Cheibriados.
  4488 | D:5      | Reached skill level 8 in Necromancy
  4491 | D:5      | Reached * piety under Makhleb
  4628 | D:5      | Found a shadowy altar of Dithmenos.
  4718 | D:6      | Reached skill level 1 in Long Blades
  4718 | D:6      | Reached skill level 1 in Armour
  5205 | D:7      | Noticed Dowan
  5238 | D:7      | Mangled by an ogre

Skill      XL: |  1  2  3  4  5  6  7 |
---------------+----------------------+-----
Necromancy     | 5 6 7 8 |  8.0
Spellcasting   | 3 4 |  4.5
Invocations    | 2 3 |  3.6
Long Blades    | 1 |  1.8
Armour         | 1 |  1.7
Dodging        | |  1.7
Stealth        | |  1.7

Action                   |  1- 3 |  4- 6 |  7- 9 || total
-------------------------+-------+-------+-------++-------
Melee: Spear             |    36 |       |       ||    36
       Club              |     1 |       |       ||     1
       Trident           |    85 |   225 |    17 ||   327
       Long sword        |       |       |   106 ||   106
 Fire: Blowgun           |       |    12 |       ||    12
 Cast: Pain              |    17 |     4 |       ||    21
       Animate Skeleton  |    16 |    22 |     6 ||    44
       Vampiric Draining |     2 |    10 |     2 ||    14
       Regeneration      |       |     4 |     1 ||     5
  Use: Scroll            |       |       |    16 ||    16
 Stab: Sleeping          |     7 |     4 |       ||    11
       Distracted        |       |       |     1 ||     1
  Eat: Chunk             |     3 |    10 |     3 ||    16
Armor: Robe              |     9 |    23 |    13 ||    45
       Ring mail         |    32 |    75 |       ||   107
       Chain mail        |       |       |   141 ||   141
Dodge: Dodged            |    70 |   124 |    60 ||   254
       Rpst.: Long sword |       |       |    15 ||    15
